 Dungeon Crawl Stone Soup version 0.29-a0-359-g541a27f54d (webtiles) character file.

Game seed: 11211613919613655930

23 lucidbluej the Skirmisher (level 2, -1/33 HPs)
             Began as an Ogre Berserker on Apr 27, 2022.
             Was a Follower of Trog.
             Frozen to death by an endoplasm (2 damage)
             ... on level 3 of the Dungeon.
             The game lasted 00:05:26 (578 turns).

lucidbluej the Skirmisher (Ogre Berserker)           Turns: 578, Time: 00:05:27

Health: -1/33      AC:  3    Str: 20    XL:     2   Next: 95%
Magic:  0/2        EV: 10    Int:  8    God:    Trog [*.....]
Gold:   60         SH:  0    Dex:  8    Spells: 1/1 levels left

rFire   + . .      SeeInvis .   a - +0 spear
rCold   + . .      Faith    .   (no shield)
rNeg    . . .      Spirit   +   b - +0 animal skin
rPois   +          Reflect  .   (helmet restricted)
rElec   +          Harm     .   (no cloak)
rCorr   +          Rampage  .   (gloves unavailable)
Will    .....                   (boots unavailable)
Stlth   +.........              k - amulet of guardian spirit
HPRegen 0.11/turn               (no ring)
MPRegen 0.08/turn               (no ring)

@: resistant
A: large, unfitting armour, tough skin 1
a: Renounce Religion, Berserk


You were on level 3 of the Dungeon.
You worshipped Trog.
Trog was aware of your devotion.
You visited 1 branch of the dungeon, and saw 3 of its levels.

You collected 60 gold pieces.

Inventory:

Hand Weapons
 a - a +0 spear (weapon)
 c - a +0 short sword
 g - a +0 short sword
 l - a +0 club
Missiles
 d - 14 stones (quivered)
Armour
 b - a +0 animal skin (worn)
 f - a +0 robe
 h - a +0 leather armour
Jewellery
 k - an amulet of guardian spirit (around neck)
 m - a ring of wizardry
Scrolls
 e - a scroll of enchant armour {unknown}
 j - a scroll of immolation {unknown}


   Skills:
 + Level 4.6 Fighting
 + Level 3.4 Polearms
 + Level 2.9 Dodging


You had one spell level left.
You didn't know any spells.
Your spell library was empty.

Dungeon Overview and Level Annotations

Branches:
Dungeon (3/15)

Altars:


Innate Abilities, Weirdness & Mutations

You are too large for most types of armour.
You have tough skin. (AC +1)


Message History

The goblin is heavily wounded.
The goblin hits you but does no damage. The orc closely misses you.
The rat closely misses you. The endoplasm freezes you.
You are frozen.
You hit the goblin.
You kill the goblin!
Trog accepts your kill. The endoplasm barely misses you. The orc misses you.
The rat twitches its whiskers.
The rat bites you.
You hit the rat.
You kill the rat!
Trog accepts your kill. The orc hits you with a +0 dagger.
The endoplasm freezes you.
You are frozen.
You hit the orc.
The orc is heavily wounded.
An endoplasm comes into view.
The orc hits you with a +0 dagger.
* * * LOW HITPOINT WARNING * * *
The endoplasm hits you.
* * * LOW HITPOINT WARNING * * *
The endoplasm quivers.
You hit the orc.
You kill the orc!
Trog accepts your kill. The endoplasm freezes you.
You are frozen.
* * * LOW HITPOINT WARNING * * *
You hit the endoplasm but do no damage. The endoplasm closely misses you.
You hit the endoplasm.
You kill the endoplasm!
Trog accepts your kill.
It was a potion of resistance.
You feel protected. The endoplasm freezes you.
You are frozen.
You resist.
You die...

###.####......#### ###.
#.......#
#...###.#.....##
.#........#......
..#........#.##### .
#..........# ...
#.........## ##
.....#).......#########.
#..J@...##.†.........
#.!.)>..#####....####.
#....####.....########
#..## #..........# #
..#. ................
.... .##..........### .
. #..........# ..
############


You could see an endoplasm.

Vanquished Creatures
  An orc (D:3)
  A bat (D:3)
  3 endoplasms
  2 giant cockroaches (D:3)
  A goblin (D:3)
  3 jackals (D:3)
  A kobold (D:2)
  A quokka (D:1)
  A frilled lizard (D:2)
  5 rats
19 creatures vanquished.

Vanquished Creatures (others)
  4 fungi (D:3)
  3 plants (D:3)
7 creatures vanquished.

Grand Total: 26 creatures vanquished

Notes
Turn   | Place    | Note
-------+----------+-------------------------------------------
     0 | D:1      | lucidbluej the Ogre Berserker began the quest for the Orb.
     0 | D:1      | Reached XP level 1. HP: 24/24 MP: 1/1
   223 | D:2      | Reached XP level 2. HP: 19/32 MP: 2/2
   573 | D:3      | HP: 1/33 [frozen (5)]
   578 | D:3      | Frozen to death by an endoplasm

Illustrated notes

Levels and vault maps discovered:
D:1:      dpeg_arrival_ratfight, layout_rooms,
          hellmonk_ecumenical_altar_slurped_away
D:2:      layout_basic, minmay_tetromino_l2
D:3:      layout_rooms, fedhas_altar_3, minmay_fractal_squares_diagonal_5,
          uniq_terence

Action                   || total
-------------------------++-------
Melee: Spear             ||    57
       Punch             ||     1
  Use: Potion            ||     3
       Scroll            ||     1
Armor: Animal skin       ||    13
Dodge: Dodged            ||    48

Table legend: (Time is in decaauts)
 A = Elapsed time spent in this place.
 B = Non-inter-level travel time spent in this place.
 C = Inter-level travel time spent in this place.
 D = Time resting spent in this place.
 E = Time spent auto-exploring this place.
 F = Levels seen in this place.
 G = Mean time per level.
                   A        B        C        D        E       F      G
               +--------+--------+--------+--------+--------+-----+--------+
         Total |    574 |    412 |    162 |      0 |    109 |   3 |  191.3 |
       Dungeon |    574 |    412 |    162 |      0 |    109 |   3 |  191.3 |
               +--------+--------+--------+--------+--------+-----+--------+

Top non-repeatable levels by time:
     D:3: 318 daAuts
     D:2: 208 daAuts
     D:1: 47 daAuts
